 Dungeon Crawl Stone Soup version 0.22-a0-402-ga933591 (webtiles) character file.

14027 4thArraOfDagon the Covert (level 11, -3/48 HPs)
             Began as a Felid Fire Elementalist on May 6, 2018.
             Was an Elder of Sif Muna.
             Shot with an arrow by a centaur warrior (17 damage)
             ... on level 13 of the Dungeon on May 7, 2018.
             The game lasted 00:54:12 (10530 turns).

4thArraOfDagon the Covert (FeFE)                   Turns: 10530, Time: 00:54:13

Health: -3/48      AC:  3    Str:  4    XL:     11   Next: 83%
Magic:  0/22       EV: 33    Int: 21    God:    Sif Muna [****..]
Gold:   847        SH:  0    Dex: 22    Spells: 11/24 levels left
                                        Lives:  0   Deaths: 3

rFire    . . .     SeeInvis +   (weapon unavailable)
rCold    + + .     Gourm    .   (shield unavailable)
rNeg     + . .     Faith    +   (armour unavailable)
rPois    +         Spirit   .   (helmet unavailable)
rElec    .         Reflect  .   (cloak unavailable)
rCorr    .         Harm     .   (gloves unavailable)
MR       +....                  (boots unavailable)
Stlth    ++++++....             u - amulet of faith
HPRegen  0.16/turn              p - ring of poison resistance
MPRegen  0.18/turn              o - ring of positive energy

@: agile, no casting, quick
A: very small, no armour, no weapons or thrown items, stealth, claws 1, fangs 3,
see invisible, carnivore, cold resistance 1, speed 1, shaggy fur 3, slow
metabolism 1, sharp paws
a: Stop Divine Energy, Channel Magic, Forget Spell, Renounce Religion


You were on level 13 of the Dungeon.
You worshipped Sif Muna.
Sif Muna was greatly pleased with you.
You were very full.

You visited 2 branches of the dungeon, and saw 14 of its levels.
You also visited: Sewer and Bailey.

You collected 847 gold pieces.

Inventory:

Jewellery
 o - a ring of positive energy (right paw)
 p - a ring of poison resistance (left paw)
 q - an uncursed ring of ice
 u - an amulet of faith (around neck)
Wands
 r - a wand of flame (53)
 t - a wand of paralysis (9)
 v - a wand of clouds (4)
 B - a wand of iceblast (4)
 H - a wand of acid (3)
Scrolls
 e - a scroll of teleportation
 f - 12 scrolls of remove curse
 i - 2 scrolls of immolation {unknown}
 x - a scroll of brand weapon {unknown}
 y - a scroll of summoning {unknown}
 z - 3 scrolls of fear
 C - a scroll of silence {unknown}
 E - a scroll of magic mapping {unknown}
 F - a scroll of noise
 G - a scroll of vulnerability {unknown}
Potions
 a - a potion of agility
 c - 3 potions of heal wounds
 d - 7 potions of brilliance
 h - 2 potions of might {unknown}
 j - a potion of curing
 k - a potion of cancellation
 l - 2 potions of resistance
 m - a potion of flight
 n - a potion of invisibility
 s - a potion of lignification
 w - 2 potions of haste
 D - 2 potions of mutation
 I - a potion of magic {unknown}
Miscellaneous
 g - a lightning rod (4/4)
Comestibles
 b - 21 rations


   Skills:
 - Level 6.3 Fighting
 + Level 9.8 Dodging
 + Level 10.5 Stealth
 + Level 7.1 Spellcasting
 * Level 9.7 Conjurations
 * Level 10.0 Fire Magic
 + Level 7.2 Invocations


You had 11 spell levels left.
You knew the following spells:

 Your Spells              Type           Power        Failure   Level  Hunger
a - Flame Tongue          Conj/Fire      #####        1%          1    None
b - Conjure Flame         Conj/Fire      #####...     1%          3    None
c - Sticky Flame          Conj/Fire      #####...     1%          4    ###....
d - Fireball              Conj/Fire      #####.....   4%          5    #####..


Dungeon Overview and Level Annotations

Branches:
Dungeon (13/15)            Temple (1/1) D:5            Lair (0/6) D:9
    Orc (0/2) D:11
 Vaults: D:13-14

Altars:
Ashenzari
Cheibriados
Dithmenos
Fedhas
Gozag
Hepliaklqana
Kikubaaqudgha
Okawaru
Qazlal
Ru
Sif Muna
Trog
Uskayaw
Vehumet
Yredelemnul
The Shining One

Shops:
D:10 *   D:11 [

Annotations:
D:4 4thArraOfDagon's ghost, weakling FeFE
D:13 Sonja


Innate Abilities, Weirdness & Mutations

You cannot wear armour.
You are incapable of wielding weapons or throwing items.
Your paws allow you to move quietly. (Stealth)
You have sharp claws.
You have razor-sharp teeth.
You have supernaturally acute eyesight. (SInv)
You are carnivorous and can eat meat at any time.
You cover ground quickly.
Your thick and shaggy fur keeps you warm. (AC +3, rC+)
You have a slow metabolism.
Your sharp claws are effective at attacking unaware monsters.
Your flesh is cold resistant. (rC+)


Message History

Unknown command.
Unknown command.
The centaur warrior burns!
The centaur warrior shoots an arrow.
The arrow hits you!!
* * * LOW HITPOINT WARNING * * *
You see here an arrow.
Unknown command.
Unknown command.
Casting: Sticky Flame (safe; 1% risk of failure)
Confirm with . or Enter, or press ? or * to list all spells.
Aiming: Fireball (safe; 4% risk of failure)
Press: ? - help, Shift-Dir - straight line, f/p - centaur warrior
Aim: a centaur warrior, wielding a shortbow (severely wounded, covered in liquid flames)
The fireball explodes!
The fireball engulfs the centaur warrior.
The centaur warrior is almost dead.
Sif Muna grants you divine energy.
You briefly lose access to your magic!
The centaur warrior burns!
The centaur warrior shoots an arrow.
The arrow hits you!
You die...

..# ###'###### ###
#...# ###.# ####
#.## ...# #..##
######+## ...+
##..# #........
...# ######.##
#........ ...#
#.......###........
...#
#######.@.#........
...# #.#(c..K.....
...# #.###........
...# ..# ########'
...# #### ####
##### ....###
....'.#


You could see a centaur warrior (burning) and Sonja.

Vanquished Creatures
  Kirke (D:12)
  Snorg (D:12)
  A hydra (D:12)
  Erica (D:8)
  3 two-headed ogres
  An unseen horror (D:12)
  Pikel (D:4)
  2 orc knights (Bailey)
  An ugly thing (D:7)
  A deep elf mage (D:12)
  3 cyclopes
  Maurice (D:9)
  3 centaur zombies
  A komodo dragon (D:9)
  5 trolls
  5 hippogriffs
  A hornet (D:12)
  A human (D:8)
  4 yaks
  2 wraiths
  6 hogs
  2 wyverns
  A steam dragon (D:9)
  2 hungry ghosts
  2 water moccasins
  4 ice beasts
  2 sky beasts
  Purgy (Sewer)
  15 orc warriors
  2 slaves (D:4)
  A necrophage (D:11)
  8 centaurs
  6 ogres
  A crocodile (D:12)
  2 big kobolds
  7 bullfrogs
  A wyvern zombie (D:12)
  A wyvern skeleton (D:10)
  2 water moccasin skeletons (D:11)
  10 killer bees
  2 scorpions
  12 wights
  2 electric eels (D:8)
  9 howler monkeys
  A bullfrog zombie (D:7)
  3 crimson imps
  3 hounds
  A quasit (D:7)
  3 jellies
  14 orc priests
  A gnoll shaman (D:8)
  3 bullfrog skeletons
  12 orc wizards
  An iguana (D:11)
  6 worker ants
  A statue (D:8)
  A killer bee zombie (D:5)
  2 worker ant zombies (D:7)
  Robin (D:3)
  4 gnolls (D:8)
  6 adders
  7 shadow imps
  3 oozes
  An adder zombie (D:5)
  An adder skeleton (D:6)
  3 worms
  A dart slug (D:5)
  4 leopard geckos
  71 orcs
  8 bats
  6 giant cockroaches
  21 goblins
  6 hobgoblins
  17 jackals
  19 kobolds
  7 quokkas
  5 ball pythons
  6 frilled lizards
  2 leopard gecko skeletons
  3 rats
  A plant (D:8)
395 creatures vanquished.

Vanquished Creatures (others)
  A human (D:12)
  A bullfrog (D:12)
  An adder skeleton (D:5)
  3 orcs (D:5)
  A quokka (D:12)
  13 plants
20 creatures vanquished.

Grand Total: 415 creatures vanquished

Notes
Turn   | Place    | Note
-------+----------+-------------------------------------------
     0 | D:1      | 4thArraOfDagon the Felid Fire Elementalist began the quest for the Orb.
     0 | D:1      | Reached XP level 1. HP: 7/7 MP: 4/4
    10 | D:1      | You fall through a shaft!
    11 | D:2      | what is that
    15 | D:2      | Reached skill level 1 in Conjurations
    97 | D:3      | Reached XP level 2. HP: 11/11 MP: 0/6
   149 | D:4      | Noticed a slave
   255 | D:5      | Entered Level 5 of the Dungeon
   291 | D:5      | Found a staircase to the Ecumenical Temple.
   300 | Temple   | Entered the Ecumenical Temple
   334 | Temple   | Became a worshipper of Sif Muna the Loreminder
   837 | D:1      | Reached XP level 3. HP: 14/14 MP: 0/7
   985 | D:1      | Learned a level 3 spell: Conjure Flame
  1473 | D:2      | Noticed a bullfrog
  1487 | D:2      | Reached XP level 4. HP: 11/18 MP: 5/8
  1564 | D:2      | Killed a bullfrog
  1564 | D:2      | Reached skill level 1 in Invocations
  1564 | D:2      | Reached XP level 5. HP: 21/21 MP: 1/9
  1569 | D:2      | Reached skill level 1 in Fighting
  1705 | D:2      | Learned a level 4 spell: Sticky Flame
  1940 | D:3      | Slain by a kobold
  1941 | D:3      | Reached XP level 4. HP: 0/19 MP: 9/9
  2021 | D:3      | Found a glowing golden altar of the Shining One.
  2152 | D:3      | Reached XP level 5. HP: 20/22 MP: 4/10
  2320 | D:3      | Noticed Robin
  2341 | D:3      | Reached * piety under Sif Muna
  2561 | D:3      | Killed Robin
  3113 | D:4      | Noticed 4thArraOfDagon's ghost (weakling FeFE)
  3143 | D:4      | Gained mutation: You are covered in thick fur. (AC +2) [Felid growth]
  3143 | D:4      | Reached XP level 6. HP: 25/25 MP: 1/11
  3230 | D:4      | Noticed Pikel
  3232 | D:4      | Noticed a slave
  3233 | D:4      | Paralysed by Pikel for 5 turns
  3238 | D:4      | Noticed a slave
  3239 | D:4      | Noticed a slave
  3246 | D:4      | Killed a slave
  3246 | D:4      | Paralysed by Pikel for 6 turns
  3257 | D:4      | Killed a slave
  3257 | D:4      | Killed Pikel
  3257 | D:4      | Reached XP level 7. HP: 14/30 MP: 12/12
  3680 | D:5      | Reached ** piety under Sif Muna
  3819 | D:5      | Found a blossoming altar of Fedhas.
  3820 | D:5      | Found an ancient bone altar of Kikubaaqudgha.
  3894 | D:5      | Learned a level 5 spell: Fireball
  3907 | D:5      | Reached XP level 8. HP: 24/34 MP: 4/14
  3910 | D:5      | Reached skill level 5 in Stealth
  3910 | D:5      | Reached skill level 5 in Fire Magic
  4147 | D:5      | Found a shadowy altar of Dithmenos.
  4469 | D:6      | Found a glowing drain.
  4541 | Sewer    | Entered a sewer
  4630 | Sewer    | Noticed Purgy
  4640 | Sewer    | Killed Purgy
  4640 | Sewer    | Reached skill level 5 in Dodging
  5163 | D:6      | Found a shattered altar of Ashenzari.
  5438 | D:7      | Found a sacrificial altar of Ru.
  5455 | D:7      | Reached skill level 5 in Conjurations
  5631 | D:7      | Reached *** piety under Sif Muna
  5631 | D:7      | Reached XP level 9. HP: 22/38 MP: 0/16
  5678 | D:7      | Found a flagged portal.
  5705 | Bailey   | Entered a bailey
  5707 | Bailey   | Sergey: hey
  5714 | Bailey   | Thaneod: XtahuaRules
  5716 | Bailey   | Thaneod: new bot
  5732 | Bailey   | Thaneod: ni hao
  5732 | Bailey   | 4thArraOfDagon: heeey
  5732 | Bailey   | Sergey: and what can he do ?
  5743 | Bailey   | Thaneod: this same as beem
  5753 | Bailey   | Noticed an orc knight
  5757 | Bailey   | Noticed an orc knight
  5785 | Bailey   | Shot with a bolt by an orc warrior
  5786 | Bailey   | Reached XP level 8. HP: -11/36 MP: 8/15
  5793 | Bailey   | Sergey: so I will just have more spectators ?
  5911 | Bailey   | Thaneod: idk yet
  5927 | Bailey   | Thaneod: !XtahuaRules
  5931 | Bailey   | Thaneod: !stalk Thaneod
  5932 | Bailey   | beem: Thaneod the L13 DEAE^Veh in Orc:2 (cxc tiles), T:25995, defenses: 9/17/0, stats: 5/26/15, >15 skills: Conjurations
  5945 | Bailey   | Killed an orc knight
  5945 | Bailey   | Reached XP level 9. HP: 34/39 MP: 1/17
  5963 | Bailey   | Thaneod: cooked orcs
  5969 | Bailey   | Killed an orc knight
  6016 | D:7      | Noticed a cyan ugly thing
  6033 | D:7      | Killed a cyan ugly thing
  6092 | D:7      | Reached skill level 5 in Spellcasting
  6482 | D:8      | Noticed a two-headed ogre
  6486 | D:8      | Killed a two-headed ogre
  6492 | D:8      | Reached XP level 10. HP: 40/43 MP: 6/18
  6606 | D:8      | Noticed Erica
  6641 | D:9      | Noticed Maurice
  6649 | D:9      | Killed Maurice
  6649 | D:9      | Reached skill level 5 in Invocations
  6662 | D:9      | Reached **** piety under Sif Muna
  6669 | D:9      | Reached skill level 5 in Fighting
  6718 | D:9      | Noticed a centaur warrior
  6873 | D:9      | HP: 2/44 [killer bee (3)]
  6949 | D:9      | Found an opulent altar of Gozag.
  6957 | D:9      | XtahuaRules: I am XtahuaRules. For help, type: !XtahuaRules
  6968 | D:9      | Thaneod: !beer me
  6968 | D:9      | XtahuaRules: *XtahuaRules* slides a mug of root beer down the bar to me, courtesy of Thaneod.
  6969 | D:9      | beem: *beem* slides a stein of imperial stout down the bar to me, courtesy of Thaneod.
  7005 | D:9      | Got a shimmering brass amulet
  7035 | D:9      | Thaneod: !stalk Sergey
  7035 | D:9      | XtahuaRules: Sergey the L14 DgFi^ in D:11 (cxc tiles), T:31403, defenses: 17/14/19, stats: 21/18/15
  7035 | D:9      | beem: Sergey the L14 DgFi^ in D:11 (cxc tiles), T:31403, defenses: 17/14/19, stats: 21/18/15
  7035 | D:9      | Thaneod: !hs Sergey
  7035 | D:9      | beem: 375. Sergey the Wrestler (L27 VSAr of Gozag), escaped with the Orb and 15 runes on 2018-04-01 00:28:42, with 32755897 points after 45014 turns and 8:58:12.
  7035 | D:9      | Thaneod: !subscribe
  7035 | D:9      | beem: User Thaneod is already subscribed
  7045 | D:9      | p0werm0de: !subscribe
  7045 | D:9      | beem: Subscribed. I will now watch all games of user p0werm0de
  7135 | D:9      | Found a bloodstained altar of Trog.
  7437 | D:8      | Found a radiant altar of Vehumet.
  7457 | D:8      | Identified the amulet "Kutak" {Reflect rPois SH+3 SInv} (You found it on level 9 of the Dungeon)
  7554 | D:8      | Killed Erica
  7629 | D:8      | Found an iron altar of Okawaru.
  7644 | D:8      | Noticed a two-headed ogre
  7655 | D:8      | Killed a two-headed ogre
  7655 | D:8      | Reached XP level 11. HP: 41/48 MP: 6/20
  7882 | D:9      | Noticed a fire crab
  7978 | D:9      | Found a staircase to the Lair.
  8019 | D:10     | Entered Level 10 of the Dungeon
  8047 | D:10     | Gained mutation: Your thick and shaggy fur keeps you warm. (AC +3, rC+) [potion of mutation]
  8047 | D:10     | Gained mutation: Your flesh is cold resistant. (rC+) [potion of mutation]
  8315 | D:10     | Found Horis's General Store.
  8458 | D:10     | Found a hazy altar of Hepliaklqana.
  8642 | D:11     | Found Woosmofick's Armour Shoppe.
  9031 | D:11     | Found a staircase to the Orcish Mines.
  9557 | D:12     | Goblin1989: !hs *fefe
  9564 | D:12     | beem: No keyword '*fefe'
  9577 | D:12     | Noticed a six-headed hydra
  9578 | D:12     | Goblin1989: !hs * fefe
  9583 | D:12     | beem: 2811. 4thArraOfDagon the Ninja (L27 FeFE of Cheibriados), escaped with the Orb and 15 runes on 2015-08-13 23:48:17, with 38478086 points after 37907 turns and 7:09:09.
  9714 | D:12     | Killed a six-headed hydra
  9714 | D:12     | Mutation became permanent: You are covered in thick fur. (AC +2) [Felid growth]
  9714 | D:12     | Gained mutation: Your thick and shaggy fur keeps you warm. (AC +3, rC+) [Felid growth]
  9714 | D:12     | Reached XP level 12. HP: 51/52 MP: 7/22
  9865 | D:12     | Noticed Snorg
  9992 | D:12     | Noticed Kirke
 10008 | D:12     | Demolished by a manticore
 10009 | D:12     | Reached XP level 11. HP: -17/48 MP: 22/22
 10009 | D:12     | Killed Kirke
 10009 | D:12     | Reached skill level 10 in Stealth
 10011 | D:12     | Noticed an unseen horror
 10014 | D:12     | Killed an unseen horror
 10060 | D:12     | Noticed a two-headed ogre
 10065 | D:12     | Killed a two-headed ogre
 10074 | D:12     | Killed a deep elf mage
 10293 | D:12     | Killed Snorg
 10432 | D:13     | Reached skill level 10 in Fire Magic
 10519 | D:13     | Noticed a centaur warrior
 10528 | D:13     | Noticed Sonja
 10530 | D:13     | Shot with an arrow by a centaur warrior

Vault maps used:
D:1:      eino_arrival_water_cross
D:2:      wad_pebble_path, lemuel_doored_altar, patterned_corridor, uniq_sigmund
D:3:      nicolae_tso_swordbearing_angel, first_ration, uniq_robin
D:4:      makhleb_blood_cavern_becter, grunt_decor_arrowhead, uniq_pikel
D:5:      kennysheep_six_static_rooms, grunt_temple_overflow_growth_and_decay,
          temple_hall, basic_altar
D:6:      kennysheep_little_box, portal_sewer_entry_a, centaur_isle
D:7:      nicolae_ru_path_of_blood, enter_bailey_3
D:8:      vehumet_statue, okawaru_gym_becter, grunt_livestock,
          serial_bayou_pond_e, serial_bayou_lagoon_b, uniq_erica
D:9:      lemuel_crystal_altar, bloody_trog, david_lair_shrubbed, minivault_12,
          uniq_maurice
D:10:     serial_shops, nicolae_shop_waterfront, basic_altar, minmay_holes
D:11:     hiddenorc1_lemuel, serial_shops, shop
D:12:     uniq_kirke, uniq_snorg
D:13:     grunt_vaults_entry_tiered, uniq_sonja
Temple:   minmay_temple_curvy_loop
Sewer:    sewer_co_purgy_island
Bailey:   bailey_polearm_4, bailey

Skill      XL: |  1  2  3  4  5  6  7  8  9 10 11 12 |
---------------+-------------------------------------+-----
Conjurations   | 1 2 3 4 6 7 8 9 |  9.7
Fire Magic     | 3 4 5 7 8 10 | 10.0
Dodging        | 3 4 6 7 8 9 |  9.8
Stealth        | 3 4 6 7 8 10 | 10.5
Invocations    | 1 2 4 5 7 |  7.2
Fighting       | 1 2 4 5 6 |  6.3
Spellcasting   | 3 4 5 7 |  7.1

Action                   |  1- 3 |  4- 6 |  7- 9 | 10-12 || total
-------------------------+-------+-------+-------+-------++-------
Melee: Unarmed           |    32 |    47 |    67 |    99 ||   245
       Bite              |     5 |     7 |     8 |     6 ||    26
 Cast: Flame Tongue      |    61 |   106 |   121 |    65 ||   353
       Conjure Flame     |       |     2 |     7 |    29 ||    38
       Sticky Flame      |       |     1 |    22 |    54 ||    77
       Fireball          |       |       |    27 |   174 ||   201
Invok: Divine Energy     |       |     1 |       |       ||     1
       Channel Magic     |       |       |     9 |    42 ||    51
Evoke: Wand              |       |     8 |    33 |    10 ||    51
  Use: Scroll            |     3 |     2 |    13 |     5 ||    23
       Potion            |       |     3 |     3 |     5 ||    11
 Stab: Sleeping          |     4 |     3 |     2 |     1 ||    10
       Paralysed         |       |       |    16 |       ||    16
  Eat: Chunk             |     8 |    10 |    25 |    83 ||   126
       Ration            |       |       |     1 |       ||     1
Armor: Skin              |     5 |       |     6 |     7 ||    18
Dodge: Dodged            |    38 |    81 |    83 |   202 ||   404

Table legend:
 A = Spawn XP
 B = Non-spawn XP
 C = Spawn XP percentage of total XP
 D = Spawn monster count
 E = Non-spawn monster count
 F = Spawn count percentage of total count
 G = Total turns spent on level
                    A         B        C        D         E        F      G
               +---------+---------+-------+---------+---------+-------+---------
         Total |       0 |   33290 |   0.0 |       0 |     392 |   0.0 | 10530
               +---------+---------+-------+---------+---------+-------+---------
           D:1 |       0 |      34 |   0.0 |       0 |      19 |   0.0 |   681
           D:2 |       0 |     164 |   0.0 |       0 |      20 |   0.0 |   656
           D:3 |       0 |     225 |   0.0 |       0 |      42 |   0.0 |  1204
           D:4 |       0 |     744 |   0.0 |       0 |      14 |   0.0 |   731
           D:5 |       0 |     431 |   0.0 |       0 |      19 |   0.0 |   972
           D:6 |       0 |     565 |   0.0 |       0 |      28 |   0.0 |   943
           D:7 |       0 |    1829 |   0.0 |       0 |      25 |   0.0 |   843
           D:8 |       0 |    4455 |   0.0 |       0 |      34 |   0.0 |   719
           D:9 |       0 |    2845 |   0.0 |       0 |      29 |   0.0 |   749
          D:10 |       0 |    2281 |   0.0 |       0 |      27 |   0.0 |   540
          D:11 |       0 |    4272 |   0.0 |       0 |      53 |   0.0 |   835
          D:12 |       0 |   11571 |   0.0 |       0 |      48 |   0.0 |   986
          D:13 |       0 |    1227 |   0.0 |       0 |       9 |   0.0 |   150
         Sewer |       0 |     155 |   0.0 |       0 |       7 |   0.0 |   151
        Bailey |       0 |    2492 |   0.0 |       0 |      18 |   0.0 |   306
               +---------+---------+-------+---------+---------+-------+---------
